 Dungeon Crawl Stone Soup version 0.17-a0-2215-g49c1de0 (webtiles) character file.

1050 radek the Infuser (level 8, -5/41 HPs)
             Began as a Deep Elf Conjurer on Oct 27, 2015.
             Was a Believer of Vehumet.
             Slain by a hell rat (6 damage)
             ... on level 5 of the Dungeon.
             The game lasted 00:21:03 (6121 turns).

radek the Infuser (Deep Elf Conjurer)               Turns: 6121, Time: 00:21:04

Health: -5/41      AC: 14    Str:  6    XL:     8   Next: 5%
Magic:  2/14       EV: 12    Int: 22    God:    Vehumet [**....]
Gold:   271        SH:  0    Dex: 20    Spells: 2 memorised, 7 levels left

rFire  . . .     SeeInvis .     z - +1 dagger (protect)
rCold  . . .     Clarity  .     k - +3 leather armour
rNeg   . . .     SustAt   .     (no shield)
rPois  .         Gourm    .     (no helmet)
rElec  .         Spirit   .     (no cloak)
rCorr  .         Warding  .     A - +2 pair of gloves
rMut   .         Stasis   .     (no boots)
MR     .....                    u - amulet of faith
Stlth  ++........               x - +5 ring of dexterity
                                p - ring of wizardry

@: drained, not resistant to hostile enchantments, unstealthy
A: no striking features
a: Renounce Religion


You were on level 5 of the Dungeon.
You worshipped Vehumet.
Vehumet was pleased with you.
You were very hungry.

You visited 2 branches of the dungeon, and saw 6 of its levels.

You collected 271 gold pieces.

Inventory:

Hand Weapons
 m - a +0 whip of electrocution
 z - a +1 dagger of protection (weapon)
Armour
 a - a +0 robe
 k - a +3 leather armour (worn)
 w - a +0 pair of gloves
 A - a +2 pair of gloves (worn)
Jewellery
 g - an uncursed ring of protection from fire
 o - an uncursed ring of protection from magic
 p - a ring of wizardry (left hand)
 u - an amulet of faith (around neck)
 x - a +5 ring of dexterity (right hand)
Scrolls
 d - 3 scrolls of remove curse
 h - 5 scrolls of magic mapping {unknown}
 i - a scroll of random uselessness {unknown}
 n - 7 scrolls of identify {unknown}
 r - 2 scrolls of amnesia {unknown}
 y - a scroll of fog {unknown}
 B - a scroll of teleportation {unknown}
 D - a scroll of fear {unknown}
 E - a scroll of summoning {unknown}
 F - a scroll of enchant weapon {unknown}
Potions
 e - 7 potions of brilliance {unknown}
 j - a potion of ambrosia {unknown}
 l - a potion of magic {unknown}
 q - 3 potions of agility {unknown}
 s - 2 potions of curing {unknown}
 t - 2 potions of mutation {unknown}
 v - 2 potions of poison {unknown}
 C - a potion of might {unknown}
Books
 b - a book of Conjurations

   Spells                             Type                      Level
   a - Magic Dart                     Conjuration                  1
   b - Searing Ray                    Conjuration                  2
   c - Dazzling Spray                 Conjuration/Hexes            3
   d - Fulminant Prism                Conjuration/Hexes            4
   e - Iskenderun's Mystic Blast      Conjuration                  4
   f - Iskenderun's Battlesphere      Conjuration/Charms           5
Comestibles
 c - 6 bread rations
 f - a meat ration


   Skills:
 - Level 2.4(1.6) Dodging
 - Level 2.4(1.6) Stealth
 - Level 3.0(2.2) Spellcasting
 - Level 7.5(6.7) Conjurations
 * Level 10.5(9.6) Charms


You had 7 spell levels left.
You knew the following spells:

 Your Spells              Type           Power        Failure   Level  Hunger
a - Magic Dart            Conj           ####         1%          1    #......
b - Iskenderun's Battles  Conj/Chrm      #####...     9%          5    ######.


Dungeon Overview and Level Annotations

Branches:
Dungeon (5/15)             Temple (1/1) D:4

Altars:
Ashenzari
Dithmenos
Fedhas
Nemelex Xobeh
Okawaru
Qazlal
Ru
Sif Muna
Trog
Vehumet
Xom
Yredelemnul
Zin


Message History

The magic dart hits the hell rat.
The hell rat is heavily wounded.
The hell rat barely misses you.
Casting: Magic Dart
Confirm with . or Enter, or press ? or * to list all spells.
Aiming: Magic Dart
Press: ? - help, Shift-Dir - straight line, f/p - hell rat
Aim: a hell rat (heavily wounded)
The magic dart hits the hell rat.
The hell rat is heavily wounded.
The hell rat bites you!
* * * LOW HITPOINT WARNING * * *
You feel drained.
* * * LOW HITPOINT WARNING * * *
Casting: Magic Dart
Confirm with . or Enter, or press ? or * to list all spells.
You conjure a globe of magical energy.
You are feeling very hungry.
The hell rat bites you.
You die...

.......###.#.###.##..#######.#.#.
.......#..........#.......<#.#.##
.......#........(.#.########.#.##
.#######..........#..........#...
...# #..........###############
...# ####......................
...# ####)###.#####...§......#
#### #...................§...# ##
#......*@.......#§#.§...# .##
#......r.......#§§§#....# ..##
#.............#§#.#.#...# ...##
#..............§._§§§.#.. ....##
#.............#§#§#§#.... .....##
#.....(........#.§.#..... ......#
#.....#..########.#......
......###.....#..########........
......#...[...#.>................


You could see a hell rat.

Vanquished Creatures
  A sky beast (D:5)
  4 ogres
  A phantom (D:4)
  A centaur (D:5)
  A scorpion (D:4)
  A water moccasin skeleton (D:5)
  2 iguanas
  An orc wizard (D:5)
  A hell rat (D:5)
  4 worker ants
  Robin (D:3)
  5 adders
  2 river rats (D:5)
  An ooze (D:1)
  An adder zombie (D:5)
  4 worms
  An adder skeleton (D:4)
  4 orcs
  A giant cockroach (D:3)
  11 goblins
  5 hobgoblins
  3 jackals (D:1)
  5 kobolds
  4 quokkas
  A ball python (D:3)
  4 bats
  5 giant geckos
  4 giant newts
  25 rats
104 creatures vanquished.

Notes
Turn   | Place    | Note
--------------------------------------------------------------
     0 | D:1      | radek the Deep Elf Conjurer began the quest for the Orb.
     0 | D:1      | Reached XP level 1. HP: 10/10 MP: 6/6
   576 | D:1      | Reached XP level 2. HP: 15/15 MP: 6/8
   692 | D:1      | Reached skill level 5 in Conjurations
   998 | D:2      | Reached XP level 3. HP: 19/19 MP: 4/9
  1462 | D:2      | Found a faded altar to an unknown god.
  1795 | D:3      | Reached skill level 6 in Conjurations
  2017 | D:3      | Reached XP level 4. HP: 24/24 MP: 5/10
  2125 | D:3      | Noticed Robin
  2128 | D:3      | Killed Robin
  3107 | D:3      | Noticed an ogre
  3126 | D:3      | Killed an ogre
  3126 | D:3      | Reached skill level 7 in Conjurations
  3126 | D:3      | Reached XP level 5. HP: 24/28 MP: 2/11
  3200 | D:3      | Learned a level 5 spell: Iskenderun's Battlesphere
  3368 | D:4      | Reached skill level 1 in Charms
  3432 | D:4      | Noticed an ogre
  3449 | D:4      | Killed an ogre
  3449 | D:4      | Reached XP level 6. HP: 32/32 MP: 3/12
  3609 | D:4      | Noticed an ogre
  3618 | D:4      | Noticed an ogre
  3621 | D:4      | Killed an ogre
  3621 | D:4      | Reached skill level 5 in Charms
  4103 | D:4      | Found a staircase to the Ecumenical Temple.
  4109 | Temple   | Entered the Ecumenical Temple
  4144 | Temple   | Became a worshipper of Vehumet
  4520 | D:4      | Reached XP level 7. HP: 36/36 MP: 4/13
  4599 | D:4      | Killed an ogre
  4599 | D:4      | Reached skill level 8 in Charms
  4731 | D:5      | Entered Level 5 of the Dungeon
  4918 | D:5      | Reached skill level 9 in Charms
  5106 | D:5      | Found a shadowy altar of Dithmenos.
  5282 | D:5      | Reached * piety under Vehumet
  5282 | D:5      | Offered knowledge of Sting by Vehumet.
  5836 | D:5      | Reached skill level 10 in Charms
  5935 | D:5      | Reached XP level 8. HP: 39/41 MP: 5/14
  6082 | D:5      | Reached ** piety under Vehumet
  6120 | D:5      | HP: 1/41 [hell rat (3)]
  6121 | D:5      | Slain by a hell rat

Vault maps used:
D:1:      dpeg_arrival_ratfight
D:2:      first_bread, ecumenical_altar_1, minmay_misc_feat_five
D:3:      uniq_robin
D:4:      minmay_temple_entry_fiery
D:5:      lemuel_ratsnest, grunt_dithmenos_smoke_and_mirrors,
          kennysheep_cross_room
Temple:   grunt_circular_temple_18

Action                   |  1- 3 |  4- 6 |  7- 9 || total
-------------------------+-------+-------+-------++-------
Melee: Dagger            |       |       |     1 ||     1
 Cast: Magic Dart        |    69 |    99 |    63 ||   231
       Iskenderun's Batt |       |     1 |    10 ||    11
  Use: Scroll            |       |     1 |       ||     1
  Eat: Chunk             |     1 |     4 |     3 ||     8
       Royal jelly       |     1 |       |       ||     1
       Beef jerky        |       |     1 |       ||     1
       Fruit             |       |     2 |       ||     2
       Meat ration       |       |       |     1 ||     1
